 Dungeon Crawl Stone Soup version 0.28-a0-245-g639a1a48b9 (webtiles) character file.

Game seed: 4602725328573553944

961 Demosthentine the Poker (level 8, -1/63 HPs)
             Began as a Merfolk Gladiator on Aug 25, 2021.
             Slain by a wyvern (13 damage)
             ... on level 4 of the Dungeon.
             The game lasted 00:04:24 (4517 turns).

Demosthentine the Poker (Merfolk Gladiator)         Turns: 4517, Time: 00:04:25

Health: -1/63      AC:  6    Str: 16    XL:     8   Next: 15%
Magic:  8/8        EV: 15    Int:  8    God:
Gold:   955        SH:  0    Dex: 15    Spells: 7/7 levels left

rFire   . . .      SeeInvis .   a - +0 trident
rCold   . . .      Faith    .   (no shield)
rNeg    . . .      Spirit   .   b - +0 leather armour
rPois   .          Reflect  .   c - +0 helmet
rElec   .          Harm     .   h - +1 cloak
rCorr   .          Rampage  .   (no gloves)
Will    .....                   (no boots)
Stlth   +.........              (no amulet)
HPRegen 0.20/turn               (no ring)
MPRegen 0.11/turn               (no ring)

@: no status effects
A: (nimble swimmer 2), mertail
a: no special abilities


You were on level 4 of the Dungeon.
You visited 1 branch of the dungeon, and saw 4 of its levels.
You also visited: Sewer.

You collected 1250 gold pieces.
You spent 295 gold pieces at shops.

Inventory:

Hand Weapons
 a - a +0 trident (weapon)
Armour
 b - a +0 leather armour (worn)
 c - a +0 helmet (worn)
 h - a +1 cloak (worn)
Scrolls
 e - a scroll of enchant weapon
 k - 3 scrolls of acquirement
 l - 2 scrolls of fear
 m - 2 scrolls of blinking
 o - 2 scrolls of identify
 p - a scroll of teleportation
 q - a scroll of enchant armour
Potions
 f - 2 potions of might
 g - a potion of haste
 j - a potion of lignification {unknown}
 n - a potion of degeneration


   Skills:
 + Level 5.4 Fighting
 + Level 7.9 Polearms
 - Level 2.0 Throwing
 + Level 3.2 Armour
 + Level 7.1 Dodging


You had 7 spell levels left.
You didn't know any spells.
Your spell library contained the following spells:

 Spells                   Type           Power      Damage    Failure   Level
 Slow                     Hex            0%         N/A       61%         2
 Confusing Touch          Hex            0%         N/A       83%         3
 Vampiric Draining        Necr           0%         2d6       83%         3


Dungeon Overview and Level Annotations

Branches:
Dungeon (4/15)              Sewer (visited)
 Temple: D:4-7

Altars:
Ashenzari
Okawaru
Qazlal
Sif Muna
Yredelemnul
Zin

Shops:
D:2 ?=


Innate Abilities, Weirdness & Mutations

((You are quick and stealthy near water. (Stealth+, EV+, Speed+++)))
Your lower body shifts to a powerful aquatic tail in water.


Message History

A wyvern is nearby!
You are too injured to fight recklessly!
You are too injured to fight recklessly!
You are too injured to fight recklessly!
You are too injured to fight recklessly!
Throw: 3 throwing nets
Press: ? - help, Q - select action Shift-Dir - straight line, f/p - wyvern
Aim: a wyvern (moderately wounded, 62% to hit)
You throw a throwing net.
The throwing net barely misses the wyvern.
The wyvern bites you. x2
Throw: 2 throwing nets
Press: ? - help, Q - select action Shift-Dir - straight line, f/p - wyvern
Aim: a wyvern (moderately wounded, 62% to hit)
You throw a throwing net.
The throwing net barely misses the wyvern.
The wyvern bites you but does no damage.
Throw: throwing net
Press: ? - help, Q - select action Shift-Dir - straight line, f/p - wyvern
Aim: a wyvern (moderately wounded, 62% to hit)
You throw a throwing net.
The throwing net barely misses the wyvern.
The wyvern bites you!
* * * LOW HITPOINT WARNING * * *
You feel much better. The wyvern bites you. x2
You hit the wyvern but do no damage.
The wyvern is moderately wounded.
The wyvern barely misses you.
You hit the wyvern.
The wyvern is moderately wounded.
The wyvern bites you!
* * * LOW HITPOINT WARNING * * *
The wyvern barely misses you.
You puncture the wyvern!
The wyvern is heavily wounded.
The wyvern closely misses you.
You hit the wyvern but do no damage.
The wyvern is heavily wounded.
The wyvern bites you!
You die...

.. .# .#### ...#
.... .....# (.#
.....## #.# #.....#
..######.####.....#
(.....l@..........#
######............#
.....#..........#
#.#######....#####
####.# #.# #.# #.#
######.##


You could see a wyvern.

Vanquished Creatures
  Grinder (D:3)
  7 kobold brigands (Sewer)
  Natasha (twice) (D:4)
  An orc wizard (D:3)
  Robin (D:4)
  A howler monkey skeleton (D:4)
  4 river rats
  4 adders
  4 worms
  A dart slug (D:1)
  2 orcs (D:3)
  13 ball pythons
  5 bats
  7 endoplasms
  2 giant cockroaches
  12 goblins
  8 hobgoblins
  3 jackals (D:3)
  12 kobolds
  3 quokkas
  2 frilled lizards
  14 rats
109 creatures vanquished.

Vanquished Creatures (others)
  A fungus (D:1)
  5 plants (D:1)
6 creatures vanquished.

Grand Total: 115 creatures vanquished

Notes
Turn   | Place    | Note
-------+----------+-------------------------------------------
     0 | D:1      | Demosthentine the Merfolk Gladiator began the quest for the
                  | Orb.
     0 | D:1      | Reached XP level 1. HP: 16/16 MP: 1/1
   347 | D:1      | Found a faded altar of an unknown god.
   350 | D:1      | Reached XP level 2. HP: 12/23 MP: 2/2
   962 | D:1      | Reached XP level 3. HP: 28/28 MP: 3/3
  1408 | D:2      | Found Salicoj's Magic Scroll Shoppe.
  1572 | D:2      | Found a shimmering blue altar of Sif Muna.
  1581 | D:2      | Reached skill level 5 in Polearms
  1943 | D:2      | Found Yxon's Jewellery Boutique.
  2035 | D:2      | Identified a scroll of acquirement
  2035 | D:2      | Acquired 1150 gold pieces
  2113 | D:2      | Bought a scroll of enchant weapon for 75 gold pieces
  2113 | D:2      | Bought a scroll of blinking for 75 gold pieces
  2113 | D:2      | Bought a scroll of identify for 20 gold pieces
  2113 | D:2      | Bought a scroll of teleportation for 30 gold pieces
  2113 | D:2      | Bought a scroll of enchant armour for 75 gold pieces
  2113 | D:2      | Bought a scroll of identify for 20 gold pieces
  2171 | D:3      | Reached skill level 1 in Armour
  2176 | D:3      | Reached XP level 4. HP: 30/35 MP: 4/4
  2438 | D:3      | Noticed Grinder
  2452 | D:3      | Paralysed by Grinder for 2 turns
  2467 | D:3      | Killed Grinder
  2468 | D:3      | Reached skill level 5 in Dodging
  2468 | D:3      | Reached XP level 5. HP: 13/42 MP: 5/5
  2468 | D:3      | Reached XP level 6. HP: 15/48 MP: 6/6
  2764 | D:3      | Found a glowing silver altar of Zin.
  2764 | D:3      | Found a stormy altar of Qazlal.
  2765 | D:3      | Found a basalt altar of Yredelemnul.
  2766 | D:3      | Found an iron altar of Okawaru.
  2802 | D:3      | Found a broken altar of Ashenzari.
  3201 | D:4      | Noticed Natasha
  3206 | D:4      | Noticed Robin
  3231 | D:4      | Killed Natasha
  3258 | D:4      | Killed Robin
  3275 | D:4      | Noticed Natasha
  3289 | D:4      | Killed Natasha
  3326 | D:4      | Found a glowing drain.
  3333 | Sewer    | Entered a sewer
  3504 | Sewer    | Reached XP level 7. HP: 45/55 MP: 7/7
  4081 | Sewer    | Reached skill level 5 in Fighting
  4309 | Sewer    | Reached XP level 8. HP: 52/62 MP: 8/8
  4501 | D:4      | Noticed a wyvern
  4517 | D:4      | Slain by a wyvern

Illustrated notes

Levels and vault maps discovered:
D:1:      nagdon_arrival_zigzag_paths, layout_loops_ring,
          shapermc_ecumenical_altar_mp_urbaneastern
D:2:      layout_loops_ring, serial_shops, nicolae_lakefront_shop,
          nicolae_shop_crystal, minmay_hexomino_r4
D:3:      layout_basic, old_standard_altar,
          chequers_temple_overflow_statue_of_worship,
          minmay_misc_feat_four_crosses, uniq_grinder
D:4:      layout_rooms, lemuel_doored_altar, cheibriados_altar_1,
          lightli_sewer_entry_pipes, uniq_pikel, uniq_natasha, uniq_robin

Skill      XL: |  1  2  3  4  5  6  7 |
---------------+----------------------+-----
Polearms       | 5 6 7 |  7.9
Armour         | 1 2 3 |  3.2
Fighting       | 3 4 5 |  5.4
Dodging        | 5 6 7 |  7.1
Throwing       | |  2.0

Action                   |  1- 3 |  4- 6 |  7- 9 || total
-------------------------+-------+-------+-------++-------
Melee: Trident           |   126 |   158 |   122 ||   406
       Tailslap          |       |     1 |     8 ||     9
Throw: Throwing net      |       |       |     3 ||     3
  Use: Scroll            |     5 |     1 |     1 ||     7
       Potion            |       |     6 |     1 ||     7
 Stab: Sleeping          |     3 |     4 |     3 ||    10
Armor: Leather armour    |    32 |    27 |     6 ||    65
Dodge: Dodged            |    73 |    80 |    60 ||   213

Table legend: (Time is in decaauts)
 A = Elapsed time spent in this place.
 B = Non-inter-level travel time spent in this place.
 C = Inter-level travel time spent in this place.
 D = Time resting spent in this place.
 E = Time spent auto-exploring this place.
 F = Levels seen in this place.
 G = Mean time per level.
                   A        B        C        D        E       F      G
               +--------+--------+--------+--------+--------+-----+--------+
         Total |   4362 |   4205 |    157 |     18 |   3439 |   5 |  872.4 |
       Dungeon |   3404 |   3247 |    157 |     18 |   2681 |   4 |  851.0 |
         Sewer |    958 |    958 |      0 |      0 |    758 |   1 |  958.0 |
               +--------+--------+--------+--------+--------+-----+--------+

Top non-repeatable levels by time:
     D:1: 1369 daAuts
     D:3: 1077 daAuts
   Sewer: 958 daAuts
     D:2: 758 daAuts
     D:4: 200 daAuts
